 Dungeon Crawl Stone Soup version 0.28-a0-1389-gc726bef33b (webtiles) character file.

Game seed: 14085074474948975786

30 ChaosChampion the Insei (level 3, -8/23 HPs)
             Began as an Octopode Transmuter on Jan 3, 2022.
             Mangled by a gnoll (11 damage)
             ... on level 1 of the Dungeon.
             The game lasted 00:01:48 (1237 turns).

ChaosChampion the Insei (Octopode Transmuter)       Turns: 1237, Time: 00:01:48

Health: -8/23      AC:  1    Str:  9    XL:     3   Next: 18%
Magic:  5/6        EV: 13    Int: 17    God:
Gold:   59         SH:  0    Dex: 12    Spells: 5/6 levels left

rFire   . . .      SeeInvis .     - Unarmed
rCold   . . .      Faith    .   (no shield)
rNeg    . . .      Spirit   .   (helmet currently unavailable)
rPois   .          Reflect  .   (no amulet)
rElec   .          Harm     .   (no ring)
rCorr   .          Rampage  .   (no ring)
Will    .....                   (no ring)
Stlth   ++........              (no ring)
HPRegen 0.07/turn               (no ring)
MPRegen 0.10/turn               (no ring)
                                (no ring)
                                (no ring)

@: appendages
A: tentacle spike 3, almost no armour, amphibious, 8 rings, camouflage 1,
gelatinous body 1, (nimble swimmer 1), tentacles
a: End Transformation


You were on level 1 of the Dungeon.
One of your tentacles had grown a beastly spike.
You visited 1 branch of the dungeon, and saw 2 of its levels.

You collected 59 gold pieces.

Inventory:

Scrolls
 a - a scroll of fog {unknown}
 c - a scroll of enchant weapon {unknown}
Potions
 b - a potion of mutation {unknown}


   Skills:
 + Level 1.5 Fighting
 + Level 2.3 Dodging
 * Level 3.5 Unarmed Combat
 - Level 2.0 Spellcasting
 + Level 2.3 Transmutations


You had 5 spell levels left.
You knew the following spells:

 Your Spells              Type           Power      Damage    Failure   Level
a - Beastly Appendage     Tmut           18%        N/A       8%          1

Your spell library contained the following spells:

 Spells                   Type           Power      Damage    Failure   Level
 Wereblood                Tmut           9%         N/A       11%         2
 Spider Form              Tmut/Pois      5%         N/A       34%         3
 Ice Form                 Ice/Tmut       5%         N/A       75%         4


Dungeon Overview and Level Annotations

Branches:
Dungeon (2/15)

Altars:
Qazlal


Innate Abilities, Weirdness & Mutations

One of your tentacles has grown a beastly spike.
You cannot wear most types of armour.
You are amphibious.
You can wear up to eight rings at the same time.
Your skin changes colour to match your surroundings (Stealth+).
Your rubbery body absorbs attacks. (AC +1, EV +1)
((You are camouflaged when in or above water. (Stealth+)))
You have tentacles for arms and can constrict up to eight enemies at once.


Message History

You tentacle-slap the gnoll. You grab the gnoll.
The gnoll is lightly wounded.
You constrict the gnoll, but do no damage.
The gnoll hits you with a +0 flail!
Casting: Beastly Appendage (safe; 8% risk of failure)
Confirm with . or Enter, or press ? or * to list all spells.
One of your tentacles grows a vicious spike.
You constrict the gnoll, but do no damage.
The gnoll hits you from afar with a +0 spear!
The gnoll misses you.
You are too injured to fight recklessly!
You release your grip on the gnoll.
Your transformation is almost over.
The gnoll misses you.
You see here a +0 dagger.
Your tentacle spike disappears.
There is a stone staircase leading up here.
The gnoll closely misses you.
You climb upwards.
There is a stone staircase leading down here.
The gnoll hits you with a +0 flail.
* * * LOW HITPOINT WARNING * * *
You see here 21 stones.
There is an open door here.
You see here a rat skeleton.
There is an open door here.
You see here a +0 club.
You see here a +0 dagger.
The gnoll closely misses you.
There is a stone staircase leading down here.
There is a stone staircase leading down here.
Casting: Beastly Appendage (safe; 8% risk of failure)
Confirm with . or Enter, or press ? or * to list all spells.
One of your tentacles grows a vicious spike.
The gnoll hits you with a +0 flail!
* * * LOW HITPOINT WARNING * * *
You tentacle-slap the gnoll but do no damage.
Your grab misses the gnoll.
Your tentacle-slap misses the gnoll.
The gnoll hits you with a +0 flail!
You die...

.........#........####.....#.#...
.........###.#.#..## #...###.###.
.........###.#[#...# #...........
..........##...#.#.# ######......
...........#..##.#.## #..####
.........(....##.#..## #.##
##......♣♣...###.##.[#### #.#
#..P..P♣.........###....###.#
.....♣....♣.....@.##.....##.#
......P........##g#.......#.#
....P...P..♣..>##.........#.#
................###.......#.#
...P.....P......# ##.....##.#
P.....<.........####.....##.##
P♣.P.....P..P.............#..##
P.............................#
♣P♣.P...P....♣..###.).....#.#.###


You could see a gnoll.

Vanquished Creatures
  6 ball pythons (D:1)
  2 endoplasms (D:1)
  3 giant cockroaches
  3 goblins (D:1)
  A hobgoblin (D:1)
  4 kobolds
  2 bats (D:1)
  A frilled lizard (D:1)
  5 rats
27 creatures vanquished.

Notes
Turn   | Place    | Note
-------+----------+-------------------------------------------
     0 | D:1      | ChaosChampion the Octopode Transmuter began the quest for
                  | the Orb.
     0 | D:1      | Reached XP level 1. HP: 13/13 MP: 3/3
    92 | D:1      | Found a stormy altar of Qazlal.
   166 | D:1      | Reached XP level 2. HP: 7/18 MP: 5/5
   460 | D:1      | Found a faded altar of an unknown god.
   733 | D:1      | Reached XP level 3. HP: 23/23 MP: 4/6
   956 | D:2      | Identified the +3 robe of Mysticism {Dex+3}
  1237 | D:1      | Mangled by a gnoll

Illustrated notes

Levels and vault maps discovered:
D:1:      wander_arrival_fairy_ring, layout_rooms,
          nicolae_ecumenical_snake_handling, kennysheep_flooded_box,
          minmay_misc_feat_roman, kennysheep_minor_cross
D:2:      minmay_angry_zag, layout_loops_cross, uniq_robin

Action                   || total
-------------------------++-------
Melee: Unarmed           ||    51
       Constrict         ||    16
       Kick              ||    11
       Tentacles         ||     8
 Cast: Beastly Appendage ||    18
 Stab: Sleeping          ||     3
Armor: Skin              ||     5
Dodge: Dodged            ||    30

Table legend: (Time is in decaauts)
 A = Elapsed time spent in this place.
 B = Non-inter-level travel time spent in this place.
 C = Inter-level travel time spent in this place.
 D = Time resting spent in this place.
 E = Time spent auto-exploring this place.
 F = Levels seen in this place.
 G = Mean time per level.
                   A        B        C        D        E       F      G
               +--------+--------+--------+--------+--------+-----+--------+
         Total |   1234 |   1220 |     14 |    232 |    685 |   2 |  617.0 |
       Dungeon |   1234 |   1220 |     14 |    232 |    685 |   2 |  617.0 |
               +--------+--------+--------+--------+--------+-----+--------+

Top non-repeatable levels by time:
     D:1: 1053 daAuts
     D:2: 180 daAuts
